 Dungeon Crawl Stone Soup version 0.26-a0-466-g989023bd0d (webtiles) character file.

Game seed: 694927907860138241

48444 Lanoc the Severer (level 14, -7/126 HPs)
             Began as a Minotaur Fighter on Aug 3, 2020.
             Was a Believer of Uskayaw.
             Splashed by an oklob plant's acid (11 damage)
             ... on level 2 of the Lair of Beasts.
             The game lasted 00:32:29 (15129 turns).

Lanoc the Severer (Minotaur Fighter)               Turns: 15129, Time: 00:32:29

Health: -7/126     AC:  3    Str: 23    XL:     14   Next: 12%
Magic:  21/21      EV: 12    Int:  7    God:    Uskayaw [**....]
Gold:   1892       SH:  6    Dex:  7    Spells: 13/13 levels left

rFire    . . .     SeeInvis .   w - +3 broad axe (vamp)
rCold    + + .     Faith    .   D - +2 buckler
rNeg     + . .     Spirit   .   s - +4 chain mail of Tosubb {rPois Regen+ Dex-4 Stlth-}
rPois    +         Reflect  .   (helmet restricted)
rElec    .         Harm     .   f - +2 cloak
rCorr    .                      (no gloves)
MR       +....                  (no boots)
Stlth    ..........             M - amulet of magic regeneration
HPRegen  0.71/turn              m - ring of Wyuppei {rC++ Int+2 Dex-4 Slay+4}
MPRegen  0.42/turn              S - ring of Buth {+Inv rPois rN+ Dex+2}

@: corroded
A: retaliatory headbutt, horns 2
a: Stomp, Line Pass, Renounce Religion, Evoke Invisibility


You were on level 2 of the Lair of Beasts.
You worshipped Uskayaw.
Uskayaw was aware of your devotion.
You visited 4 branches of the dungeon, and saw 20 of its levels.
You also visited: Sewer, Ossuary and Gauntlet.

You collected 1892 gold pieces.

Inventory:

Hand Weapons
 b - a +0 vorpal broad axe
 c - a +4 broad axe of draining
 w - a +3 vampiric broad axe (weapon)
Missiles
 e - 80 poisoned darts (quivered)
 i - 7 atropa-tipped darts
 N - 3 throwing nets
Armour
 f - a +2 cloak (worn)
 s - the +4 chain mail of Tosubb (worn) {rPois Regen+ Dex-4 Stlth-}
   (You found it on level 4 of the Dungeon)

   It affects your dexterity (-4).
   It protects you from poison.
   It increases your rate of regeneration.
   It makes you less stealthy.
 D - a +2 buckler (worn)
 O - the +0 leather armour of the Komodo Dragon {MR++}
   (You found it on level 10 of the Dungeon)

   It affects your resistance to hostile enchantments.
Jewellery
 m - the ring of Wyuppei (left hand) {rC++ Int+2 Dex-4 Slay+4}
   (You found it in a Gauntlet)

   [ring of slaying]

   It affects your intelligence (+2).
   It affects your dexterity (-4).
   It affects your accuracy and damage with ranged weapons and melee attacks
   (+4).
   It greatly protects you from cold.
 G - an uncursed ring of resist corrosion {unknown}
 M - an amulet of magic regeneration (around neck)
 S - the ring of Buth (right hand) {+Inv rPois rN+ Dex+2}
   (You found it on level 12 of the Dungeon)

   [ring of positive energy]

   It affects your dexterity (+2).
   It protects you from poison.
   It protects you from negative energy.
   It lets you turn invisible.
Wands
 k - a wand of acid (13)
 y - a wand of random effects (49)
 A - a wand of polymorph (1)
 I - a wand of flame (23)
 L - a wand of enslavement (14)
Scrolls
 h - 8 scrolls of remove curse
 j - 11 scrolls of identify
 q - 16 scrolls of teleportation
 t - a scroll of fog
 v - 4 scrolls of enchant armour
 C - 2 scrolls of immolation
 E - a scroll of enchant weapon
 Q - a scroll of amnesia
 U - a scroll of magic mapping
Potions
 d - 3 potions of might
 g - 3 potions of magic
 l - 7 potions of heal wounds
 n - 6 potions of flight
 o - 2 potions of invisibility
 p - 2 potions of brilliance
 r - 4 potions of curing
 u - 2 potions of stabbing
 x - 5 potions of haste
 z - 6 potions of lignification
 F - a potion of berserk rage
 J - 2 potions of mutation
 R - a potion of resistance
Miscellaneous
 a - a phial of floods (inert)
 B - 2 boxes of beasts


   Skills:
 + Level 12.2 Fighting
 * Level 16.0 Axes
 + Level 12.2 Armour
 + Level 10.8 Dodging
 - Level 5.2 Shields
 * Level 11.2 Invocations


You had 13 spell levels left.
You didn't know any spells.
Your spell library contained the following spells:

 Spells                   Type           Power        Failure   Level
 Animate Skeleton         Necr           #.....       93%         1
 Beastly Appendage        Tmut           #.....       93%         1
 Magic Dart               Conj           #...         93%         1
 Pain                     Necr           #...         93%         1
 Sting                    Tmut/Pois      #...         93%         1
 Blink                    Tloc           N/A          98%         2
 Call Imp                 Summ           #.......     98%         2
 Poisonous Vapours        Pois/Air       #.....       98%         2
 Slow                     Hex            #.......     98%         2
 Wereblood                Tmut           #.......     98%         2
 Confusing Touch          Hex            #.......     100%        3
 Conjure Flame            Conj/Fire      #.......     100%        3
 Gell's Gravitas          Tloc           #.........   100%        3
 Ignite Poison            Fire/Tmut/Pois #.......     100%        3
 Mephitic Cloud           Conj/Pois/Air  #.......     100%        3
 Spider Form              Tmut/Pois      #.........   100%        3
 Vampiric Draining        Necr           #.........   100%        3
 Animate Dead             Necr           #.........   100%        4
 Ice Form                 Ice/Tmut       #.......     100%        4
 Olgreb's Toxic Radiance  Pois           #.......     100%        4
 Petrify                  Tmut/Erth      #.......     100%        4
 Agony                    Necr           #.......     100%        5
 Blade Hands              Tmut           #.........   100%        5
 Metabolic Englaciation   Hex/Ice        #.........   100%        5
 Yara's Violent Unravell  Hex/Tmut       #.........   100%        5
 Freezing Cloud           Conj/Ice/Air   #.........   100%        6
 Ozocubu's Refrigeration  Ice            #.........   100%        6
 Simulacrum               Ice/Necr       #.........   100%        6


Dungeon Overview and Level Annotations

Branches:
Dungeon (15/15)            Temple (1/1) D:7            Lair (2/6) D:11
    Orc (2/2) D:12            Elf (0/3) Orc:2        Vaults (0/5) D:14
 Depths (0/5) D:15          Sewer (visited)         Ossuary (visited)
Gauntlet (visited)
  Swamp: Lair:2-4    Shoals: Lair:2-4     Snake: Lair:2-4    Spider: Lair:2-4

Altars:
Ashenzari
Cheibriados
Dithmenos
Elyvilon
Fedhas
Gozag
Hepliaklqana
Kikubaaqudgha
Makhleb
Nemelex Xobeh
Okawaru
Qazlal
Ru
Sif Muna
Trog
Uskayaw
Vehumet
Wu Jian
Xom
Yredelemnul
Zin
The Shining One
Beogh

Shops:
D:4 [   D:7 [

Annotations:
D:15 1 runed translucent door
Lair:2 exclusion: 3 oklob plants


Innate Abilities, Weirdness & Mutations

You reflexively headbutt those who attack you in melee.
You have a pair of horns on your head.


Message History

The oklob plant spits acid at you. The splash of acid hits you!
The acid corrodes you!
You are splashed with acid!
You hit the oklob plant but do no damage.
You headbutt the oklob plant, but do no damage.
The oklob plant is severely damaged.
You hit the plant but do no damage. x2; You hit the oklob plant.
You hit the oklob plant but do no damage.
The oklob plant spits acid at you. The splash of acid hits you!
You are splashed with acid!
* * * LOW HITPOINT WARNING * * *
The oklob plant spits acid at you. The splash of acid hits you!
* * * LOW HITPOINT WARNING * * *
You are splashed with acid!
* * * LOW HITPOINT WARNING * * *
The oklob plant spits acid at you. The splash of acid hits you!
* * * LOW HITPOINT WARNING * * *
The acid corrodes you!
You are splashed with acid!
You die...

#.$?|# #$.$.# #.P.P# #...P#
###PPP.## #P......# #
##.....## ##### # #.P..##
###...###### ##P@##
#.##.###....
#..######...###....
##..#.##..#........
##...........†.....
###.##...............
##P#..................
###..^.##...............
#.P....##........#....#.
####......##........#......


You could see 3 oklob plants.

Vanquished Creatures
  A minotaur (Gauntlet)
  An ettin (D:15)
  2 ogre magi (D:15)
  A great orb of eyes (Lair:1)
  Fannar (D:10)
  A vault guard (D:14)
  A death knight (D:14)
  A queen ant (Lair:1)
  4 centaur warriors
  A tengu warrior (D:14)
  6 two-headed ogres
  Urug (Orc:2)
  A sixfirhy (Gauntlet)
  A glowing orange brain (Gauntlet)
  A wizard (D:14)
  A phantasmal warrior (D:13)
  2 necromancers (D:14)
  An orc knight (D:15)
  A deep elf mage (D:13)
  A manticore (D:12)
  3 cyclopes
  An ugly thing (D:12)
  5 centaur zombies
  5 cane toads (Lair:2)
  A smoke demon (Gauntlet)
  3 gargoyles
  3 centaur skeletons
  3 komodo dragons
  3 kobold demonologists
  4 trolls
  A meliai (shapeshifter) (D:14)
  3 blink frogs (Lair:2)
  3 hippogriffs
  3 shadows
  Sigmund (D:6)
  A vampire (D:14)
  3 wyverns
  32 yaks
  21 humans (D:14)
  3 wraiths
  A basilisk (shapeshifter) (D:15)
  Grum (Lair:1)
  4 vampire mosquitoes (D:13)
  A steam dragon (D:11)
  2 wargs (Orc:1)
  A soldier ant (D:12)
  Edmund (D:6)
  A water moccasin (Lair:2)
  2 porcupines
  2 acid dragons
  2 black bears
  12 orc warriors
  6 ice beasts
  7 sky beasts
  A hornet zombie (D:11)
  2 eyes of draining
  A phantom (D:9)
  4 wolves (Lair:1)
  3 crocodiles
  20 centaurs
  6 ogres
  11 bullfrogs
  5 big kobolds
  A gnoll sergeant (D:6)
  A wyvern zombie (D:12)
  A water moccasin skeleton (D:7)
  2 scorpions
  5 wights (D:11)
  2 howler monkeys
  An electric eel (Lair:2)
  2 crimson imps (Gauntlet)
  4 jellies
  A quasit (D:14)
  3 bullfrog zombies
  4 bullfrog skeletons
  Crazy Yiuf (D:4)
  9 orc priests
  2 gnoll shamans (D:6)
  7 hounds
  Terence (D:2)
  Jessica (D:2)
  4 iguanas
  23 orc wizards
  Natasha (twice) (D:3)
  12 worker ants
  A killer bee zombie (D:4)
  A big kobold zombie (Ossuary)
  8 mummies (Ossuary)
  Robin (D:2)
  15 gnolls
  A howler monkey skeleton (D:5)
  11 adders
  2 river rats (Sewer)
  3 shadow imps
  A white imp (D:9)
  5 ufetubi
  An ooze (D:4)
  2 adder skeletons (D:5)
  A worm (D:4)
  4 dart slugs
  4 leopard geckos
  77 orcs
  7 bats
  10 giant cockroaches
  2 gnoll zombies (Ossuary)
  7 goblins
  12 hobgoblins
  18 jackals
  12 kobolds
  6 quokkas
  A ball python (D:3)
  2 frilled lizards (D:1)
  A hobgoblin zombie (Ossuary)
  3 kobold zombies (Ossuary)
  A leopard gecko zombie (D:5)
  An orc zombie (Ossuary)
  12 rats
  A fungus (Lair:2)
  A plant (Lair:2)
552 creatures vanquished.

Vanquished Creatures (others)
  An orc wizard (D:14)
  2 fungi
  15 plants (D:11)
18 creatures vanquished.

Grand Total: 570 creatures vanquished

Notes
Turn   | Place    | Note
-------+----------+-------------------------------------------
     0 | D:1      | Lanoc the Minotaur Fighter began the quest for the Orb.
     0 | D:1      | Reached XP level 1. HP: 19/19 MP: 0/0
    54 | D:1      | Reached XP level 2. HP: 4/27 MP: 1/1
   377 | D:1      | Reached skill level 3 in Axes
   549 | D:1      | Reached XP level 3. HP: 33/33 MP: 2/2
   605 | D:2      | Reached skill level 1 in Dodging
   644 | D:2      | Noticed Robin
   650 | D:2      | Killed Robin
   739 | D:2      | Noticed Terence
   740 | D:2      | Noticed Jessica
   745 | D:2      | Killed Terence
   745 | D:2      | Reached XP level 4. HP: 31/40 MP: 3/3
   747 | D:2      | Killed Jessica
   747 | D:2      | Reached skill level 4 in Axes
  1067 | D:3      | Reached XP level 5. HP: 26/47 MP: 4/4
  1438 | D:3      | Found a glowing drain.
  1443 | D:3      | Reached XP level 6. HP: 53/53 MP: 5/5
  1455 | Sewer    | Entered a sewer
  1463 | Sewer    | Reached skill level 5 in Axes
  1577 | Sewer    | Found a white marble altar of Elyvilon.
  1695 | D:3      | Reached skill level 5 in Armour
  1846 | D:3      | Noticed Natasha
  1856 | D:3      | Killed Natasha
  1856 | D:3      | Reached skill level 5 in Fighting
  1856 | D:3      | Reached skill level 5 in Shields
  1872 | D:3      | Found a glowing golden altar of the Shining One.
  1924 | D:3      | Noticed Natasha
  1933 | D:3      | Killed Natasha
  2067 | D:4      | Found a bloodstained altar of Trog.
  2086 | D:4      | Reached XP level 7. HP: 57/61 MP: 6/6
  2143 | D:4      | Got an emerald-encrusted chain mail
  2154 | D:4      | Identified the +4 chain mail of Tosubb {rPois Regen+ Dex-4
                  | Stlth-} (You found it on level 4 of the Dungeon)
  2204 | D:4      | Reached skill level 6 in Axes
  2748 | D:4      | Found Nishefex's Antique Armour Boutique.
  2770 | D:4      | Found a runed translucent door.
  2771 | D:4      | Noticed Crazy Yiuf
  2936 | D:4      | Paralysed by Crazy Yiuf for 3 turns
  2939 | D:4      | Killed Crazy Yiuf
  3007 | D:5      | Entered Level 5 of the Dungeon
  3053 | D:5      | Noticed a yak
  3053 | D:5      | Noticed a yak
  3054 | D:5      | Noticed a yak
  3054 | D:5      | Noticed a yak
  3070 | D:5      | Killed a yak
  3076 | D:5      | Killed a yak
  3076 | D:5      | Reached skill level 7 in Axes
  3076 | D:5      | Reached XP level 8. HP: 39/70 MP: 7/7
  3306 | D:5      | Reached skill level 8 in Axes
  3995 | D:6      | Reached skill level 5 in Dodging
  4092 | D:6      | Reached skill level 9 in Axes
  4098 | D:6      | Reached XP level 9. HP: 75/79 MP: 8/8
  4120 | D:6      | Noticed Edmund
  4128 | D:6      | Noticed Sigmund
  4135 | D:6      | Killed Edmund
  4157 | D:6      | Killed Sigmund
  4398 | D:6      | Reached skill level 10 in Axes
  4696 | D:6      | Found a hazy altar of Hepliaklqana.
  5461 | D:7      | Found a glowing silver altar of Zin.
  5586 | D:7      | Found a staircase to the Ecumenical Temple.
  5593 | Temple   | Entered the Ecumenical Temple
  5677 | Temple   | Became a worshipper of Uskayaw the Reveler
  5721 | D:7      | Reached * piety under Uskayaw
  5798 | D:7      | Reached skill level 1 in Invocations
  5798 | D:7      | Reached ** piety under Uskayaw
  5930 | D:7      | Found a burning altar of Makhleb.
  6208 | D:7      | Reached XP level 10. HP: 81/88 MP: 10/10
  6272 | D:7      | Found Zytais's Armour Emporium.
  6331 | D:7      | You fall into a shaft and drop 1 floor!
  6337 | D:8      | Noticed a two-headed ogre
  6344 | D:8      | Killed a two-headed ogre
  6344 | D:8      | Reached skill level 11 in Axes
  6344 | D:8      | Reached *** piety under Uskayaw
  6352 | D:8      | Found a sand-covered staircase.
  6486 | D:8      | You fall into a shaft and drop 3 floors!
  6494 | D:11     | Reached **** piety under Uskayaw
  6512 | D:11     | Noticed a gargoyle
  6522 | D:11     | Killed a gargoyle
  6529 | D:11     | Found a staircase to the Lair.
  6540 | D:11     | Noticed a four-headed hydra
  6562 | D:11     | Reached ***** piety under Uskayaw
  6572 | D:10     | Entered Level 10 of the Dungeon
  6661 | Ossuary  | Entered an ossuary
  7528 | D:9      | Found an iron altar of Okawaru.
  7601 | D:9      | Noticed a two-headed ogre
  7612 | D:9      | Killed a two-headed ogre
  7612 | D:9      | Reached skill level 5 in Invocations
  7779 | D:9      | Reached skill level 12 in Axes
  7898 | D:9      | Reached XP level 11. HP: 94/97 MP: 13/13
  8180 | D:10     | Noticed Fannar
  8196 | D:10     | Killed Fannar
  8495 | D:10     | Got a brightly glowing leather armour
  8506 | D:10     | Identified the +0 leather armour of the Komodo Dragon
                  | {MR++} (You found it on level 10 of the Dungeon)
  8588 | D:10     | Noticed a two-headed ogre
  8599 | D:10     | Killed a two-headed ogre
  8817 | D:11     | Reached ****** piety under Uskayaw
  8967 | D:11     | Reached skill level 10 in Armour
  8969 | D:11     | Reached skill level 10 in Fighting
  9020 | D:11     | Reached skill level 13 in Axes
  9278 | D:11     | Identified the +3 robe of Zaaf Eni {Harm} (You found it on
                  | level 11 of the Dungeon)
  9558 | D:12     | Reached XP level 12. HP: 76/106 MP: 16/16
  9743 | D:12     | Got a fine turquoise ring
  9745 | D:12     | Identified the ring of Buth {+Inv rPois rN+ Dex+2} (You
                  | found it on level 12 of the Dungeon)
  9846 | D:12     | Found a staircase to the Orcish Mines.
 10039 | Orc:1    | Entered Level 1 of the Orcish Mines
 10099 | Orc:1    | Paralysed by an orc sorcerer for 4 turns
 10105 | Orc:1    | Found a roughly hewn altar of Beogh.
 10111 | Orc:1    | Noticed an orc high priest
 10315 | Orc:2    | Entered Level 2 of the Orcish Mines
 10315 | Orc:2    | Found a staircase to the Elven Halls.
 10338 | Orc:2    | Noticed Urug
 10352 | Orc:2    | Killed Urug
 10591 | D:13     | Noticed a death knight
 11075 | D:13     | Noticed a centaur warrior
 11081 | D:13     | Reached skill level 14 in Axes
 11084 | D:13     | Killed a centaur warrior
 11205 | D:13     | Noticed a centaur warrior
 11216 | D:13     | Killed a centaur warrior
 11338 | D:14     | Found a shadowy altar of Dithmenos.
 11340 | D:14     | Found a gate leading to a gauntlet.
 11351 | Gauntlet | Entered a Gauntlet
 11351 | Gauntlet | Found a transporter.
 11351 | Gauntlet | Found a transporter.
 11353 | Gauntlet | Found a transporter.
 11356 | Gauntlet | Found a transporter.
 11373 | Gauntlet | Found a transporter.
 11381 | Gauntlet | Found a transporter.
 11385 | Gauntlet | Found a transporter.
 11391 | Gauntlet | Found a runed translucent gate.
 11391 | Gauntlet | Found a runed translucent gate.
 11391 | Gauntlet | Found a runed translucent gate.
 11391 | Gauntlet | Noticed a death ooze
 11393 | Gauntlet | Found a transporter.
 11409 | Gauntlet | Found a transporter.
 11423 | Gauntlet | Found a transporter.
 11427 | Gauntlet | Found a transporter.
 11431 | Gauntlet | Found a runed translucent door.
 11431 | Gauntlet | Found a runed translucent door.
 11435 | Gauntlet | Found a transporter.
 11518 | Gauntlet | Noticed a two-headed ogre
 11613 | Gauntlet | Got a smoking copper ring
 11618 | Gauntlet | Identified the ring of Wyuppei {rC++ Int+2 Dex-4 Slay+4}
                  | (You found it in a Gauntlet)
 11631 | Gauntlet | Noticed a minotaur
 11641 | Gauntlet | Killed a minotaur
 11897 | D:14     | Reached XP level 13. HP: 116/116 MP: 19/19
 12017 | D:14     | Reached skill level 10 in Dodging
 12372 | D:14     | Reached skill level 15 in Axes
 12390 | D:14     | Reached skill level 10 in Invocations
 12432 | D:14     | Found a gate to the Vaults.
 12551 | D:15     | Entered Level 15 of the Dungeon
 12924 | D:15     | Found a shattered altar of Ashenzari.
 12955 | D:15     | Noticed an ettin
 12960 | D:15     | Killed an ettin
 12990 | D:15     | Found a staircase to the Depths.
 13156 | D:15     | Found a runed translucent door.
 13420 | D:15     | Noticed a fire dragon
 13594 | Lair:1   | Entered Level 1 of the Lair of Beasts
 13603 | D:11     | Noticed an emperor scorpion
 13603 | D:11     | a seven-headed hydra changed into an emperor scorpion
 14005 | Lair:1   | Noticed Grum
 14016 | Lair:1   | Killed Grum
 14069 | Lair:1   | Reached XP level 14. HP: 102/126 MP: 21/21
 14992 | Lair:2   | Reached skill level 16 in Axes
 15129 | Lair:2   | HP: 4/126 [oklob plant/splash of acid (10)]
 15129 | Lair:2   | Splashed by an oklob plant's acid

Illustrated notes

Levels and vault maps discovered:
D:1:      dpeg_arrival_water_altar, layout_loops_ring, minmay_unequal
D:2:      layout_loops_ring, ashenzari_conservatory_becter, uniq_robin,
          uniq_terence, uniq_jessica
D:3:      kennysheep_big_flooded_room, layout_basic, tso_oasis_becter,
          gup_sewer_entry_pipe, uniq_natasha
D:4:      layout_basic, kennysheep_mini, serial_shops, shop,
          kennysheep_small_square, uniq_crazy_yiuf_cottage
D:5:      layout_basic, skrybe_limestone_x
D:6:      kennysheep_housing_project, layout_layer_cave, kennysheep_little_box,
          uniq_sigmund, uniq_edmund
D:7:      layout_loops_corners, zin_treasury, overflow_temple_1_default,
          minmay_temple_entry_hall, serial_shops, shop
D:8:      layout_basic, nicolae_ossuary_entry_false_entrances
D:9:      layout_roguey, kennysheep_okawaru_gauntlet
D:10:     layout_roguey, minmay_misc_feat_secret_circle, uniq_fannar
D:11:     layout_basic, dpeg_oklobed_lair
D:12:     layout_cave_pools, orc_0_dummy
D:13:     layout_basic
D:14:     layout_small_grid, grunt_vaults_entry_tiered, gauntlet_entry_generic,
          lemuel_altar_in_water, kennysheep_doodads, st_stairs_8
D:15:     hangedman_depths_entry_civil_slaughter, layout_cave_pools,
          ashenzari_altar_1, wad_hexagon
Temple:   compressed_dpeg_circular_temple
Lair:1:   layout_long_grid, uniq_grum
Lair:2:   layout_misc_corridors, spider_nest_entry_funnel_web,
          minmay_lair_oklob_chamber, serial_bayou_shore_a
Orc:1:    layout_caves, basic_altar, serial_shops, shop
Orc:2:    st_orc_town, layout_diamond_mine, uniq_urug

Skill      XL: |  1  2  3  4  5  6  7  8  9 10 11 12 13 14 |
---------------+-------------------------------------------+-----
Axes           | 3 4 5 7 9 10 12 13 14 15 16 | 16.0
Armour         | 4 5 7 8 9 10 11 12 | 12.2
Shields        | 4 5 |  5.2
Dodging        | 1 2 3 5 6 7 8 9 10 | 10.8
Fighting       | 4 5 7 8 9 10 11 12 | 12.2
Invocations    | 1 5 7 9 11 | 11.2

Action                   |  1- 3 |  4- 6 |  7- 9 | 10-12 | 13-15 || total
-------------------------+-------+-------+-------+-------+-------++-------
Melee: War axe           |    55 |   104 |   283 |       |       ||   442
       Headbutt          |    10 |    16 |    75 |   127 |    62 ||   290
       Unarmed           |       |     4 |       |       |       ||     4
       Broad axe         |       |       |   122 |   656 |   252 ||  1030
Evoke: Wand              |       |       |       |       |    11 ||    11
       Phial of floods   |       |       |       |       |     1 ||     1
  Use: Potion            |       |     3 |       |     2 |       ||     5
       Scroll            |       |     3 |       |    17 |    15 ||    35
 Stab: Paralysed         |       |       |       |    72 |    51 ||   123
Armor: Scale mail        |    27 |    73 |     8 |       |       ||   108
       Skin              |       |     1 |       |       |       ||     1
       Chain mail        |       |       |   209 |   276 |   126 ||   611
Dodge: Dodged            |    17 |    52 |   163 |   291 |    96 ||   619
Block: Kite shield       |    30 |    56 |    21 |       |       ||   107
       Buckler           |       |       |    78 |   192 |    75 ||   345

Table legend: (Time is in decaauts)
 A = Elapsed time spent in this place.
 B = Non-inter-level travel time spent in this place.
 C = Inter-level travel time spent in this place.
 D = Time resting spent in this place.
 E = Time spent auto-exploring this place.
 F = Levels seen in this place.
 G = Mean time per level.
                   A        B        C        D        E       F      G
               +--------+--------+--------+--------+--------+-----+--------+
         Total |  15225 |  14769 |    456 |    315 |  10651 |  23 |  662.0 |
       Dungeon |  12478 |  12099 |    379 |    105 |   8938 |  15 |  831.9 |
        Temple |    118 |     85 |     33 |      0 |     66 |   1 |  118.0 |
          Lair |   1485 |   1441 |     44 |      0 |   1239 |   2 |  742.5 |
  Orcish Mines |    438 |    438 |      0 |    183 |     25 |   2 |  219.0 |
         Sewer |    197 |    197 |      0 |      0 |    153 |   1 |  197.0 |
       Ossuary |    193 |    193 |      0 |      0 |    126 |   1 |  193.0 |
      Gauntlet |    313 |    313 |      0 |     27 |    103 |   1 |  313.0 |
               +--------+--------+--------+--------+--------+-----+--------+

Top non-repeatable levels by time:
     D:6: 1436 daAuts
    D:14: 1021 daAuts
     D:5: 986 daAuts
  Lair:1: 971 daAuts
     D:4: 968 daAuts
     D:3: 867 daAuts
    D:15: 867 daAuts
    D:13: 837 daAuts
     D:8: 829 daAuts
     D:7: 806 daAuts
    D:10: 758 daAuts
    D:12: 757 daAuts
    D:11: 664 daAuts
     D:1: 608 daAuts
     D:9: 594 daAuts
